 Dungeon Crawl Stone Soup version 0.28-a0-1389-gc726bef33b (webtiles) character file.

Game seed: 7475190672356928409

210 vineage the Skirmisher (level 5, 0/38 HPs)
             Began as a Gargoyle Fighter on Jan 3, 2022.
             Slain by a gnoll (7 damage)
             ... on level 3 of the Dungeon.
             The game lasted 00:03:03 (3190 turns).

vineage the Skirmisher (Gargoyle Fighter)           Turns: 3190, Time: 00:03:03

Health: 0/38       AC: 16    Str: 20    XL:     5   Next: 88%
Magic:  5/5        EV:  5    Int:  8    God:
Gold:   191        SH:  4    Dex: 11    Spells: 4/4 levels left

rFire   + . .      SeeInvis .   a - +0 flail
rCold   . . .      Faith    .   c - +0 buckler
rNeg    + . .      Spirit   .   e - +0 plate armour
rPois   ∞          Reflect  .   (no helmet)
rElec   +          Harm     .   (no cloak)
rCorr   .          Rampage  .   h - +0 pair of gloves
Will    .....                   (no boots)
Stlth   ..........              (no amulet)
HPRegen 0.12/turn               (no ring)
MPRegen 0.09/turn               (no ring)

@: mighty
A: sickness immunity, AC +4, negative energy resistance 1, electricity
resistance, torment resistance 1, petrification resistance, fire resistance 1
a: no special abilities


You were on level 3 of the Dungeon.
You visited 1 branch of the dungeon, and saw 3 of its levels.

You collected 191 gold pieces.

Inventory:

Hand Weapons
 a - a +0 flail (weapon)
Armour
 c - a +0 buckler (worn)
 e - a +0 plate armour (worn)
 h - a +0 pair of gloves (worn)
Potions
 d - 3 potions of might
 f - 2 potions of heal wounds


   Skills:
 + Level 7.0 Fighting
 - Level 2.0 Maces & Flails
 - Level 3.2 Armour
 - Level 3.2 Shields


You had 4 spell levels left.
You didn't know any spells.
Your spell library was empty.

Dungeon Overview and Level Annotations

Branches:
Dungeon (3/15)

Altars:
Trog
Uskayaw
Zin
The Shining One

Shops:
D:2 :


Innate Abilities, Weirdness & Mutations

You are immune to sickness and miasma.
Your stone body is resilient. (AC +4)
You are immune to poison.
You resist negative energy. (rN+)
You are resistant to electric shocks. (rElec)
You are resistant to unholy torment.
You are immune to petrification.
Your flesh is heat resistant. (rF+)


Message History

The gnoll hits you but does no damage. You block the orc's attack.
You closely miss the orc.
The gnoll hits you from afar with a +0 halberd!
The gnoll completely misses you. The orc hits you but does no damage.
The gnoll hits you from afar with a +0 halberd.
You sock the orc!
You kill the orc!
The gnoll hits you but does no damage. x2; You block the gnoll's attack.
The gnoll hits you with a +0 halberd. The gnoll hits you but does no damage.
Your plate armour prevents you from hitting the gnoll.
The gnoll hits you but does no damage. x2
Your plate armour prevents you from hitting the gnoll.
The gnoll hits you but does no damage. The gnoll barely misses you.
The gnoll hits you with a +0 halberd.
You sock the gnoll!
The gnoll is almost dead.
The gnoll barely misses you. The gnoll closely misses you.
The gnoll hits you but does no damage.
You sock the gnoll!
You kill the gnoll!
The gnoll hits you from afar with a +3 spear.
Your Fighting skill increases to level 7!
You hit something.
You hear some strange, mumbled words.
A puff of flame appears from out of thin air!
The puff of flame hits you. You resist.
The gnoll hits you from afar with a +3 spear!
* * * LOW HITPOINT WARNING * * *
You barely miss something. Something hits you but does no damage.
You block the gnoll's attack. Something hits you but does no damage.
You miss something. You block the gnoll's attack.
You hear some strange, mumbled words.
Something tries to affect you, but you resist.
The gnoll hits you but does no damage.
You miss something. Something hits you but does no damage.
The gnoll barely misses you.
You closely miss something. Something hits you.
* * * LOW HITPOINT WARNING * * *
The gnoll hits you from afar with a +3 spear!
You die...

#####''''#########
..................
≈≈≈≈≈....≈K{≈≈≈≈≈≈
≈≈≈≈≈....≈≈≈≈≈≈≈≈≈
≈≈≈≈≈....≈≈≈≈≈≈≈≈≈
........o.og......
..........gg####..
#........##{#
#..#.....##@##.#
#........##....#
#........#####...#
###.......#.)..# ###
....####.#.##.#
#.........#...##.#
##...##....##...#.# ######
.....##....##...#.#.#....#
...........†..#.....#.##.#


You could see a kobold brigand, 3 gnolls and an orc.

Vanquished Creatures
  A water moccasin skeleton (D:2)
  3 gnolls (D:3)
  3 adders (D:2)
  4 worms
  A dart slug (D:2)
  3 orcs (D:3)
  6 ball pythons
  6 bats
  11 endoplasms
  4 giant cockroaches (D:1)
  3 goblins
  4 hobgoblins
  17 jackals
  2 quokkas (D:1)
  4 frilled lizards
  2 kobolds (D:1)
  12 rats
86 creatures vanquished.

Notes
Turn   | Place    | Note
-------+----------+-------------------------------------------
     0 | D:1      | vineage the Gargoyle Fighter began the quest for the Orb.
     0 | D:1      | Reached XP level 1. HP: 14/14 MP: 1/1
     1 | D:1      | Found a runed translucent door.
   225 | D:1      | Reached XP level 2. HP: 16/20 MP: 2/2
   335 | D:1      | Reached skill level 4 in Fighting
   943 | D:1      | Reached XP level 3. HP: 24/24 MP: 3/3
  1420 | D:1      | Reached skill level 5 in Fighting
  1600 | D:2      | Found a faded altar of an unknown god.
  1610 | D:2      | Reached XP level 4. HP: 29/31 MP: 4/4
  1687 | D:2      | Reached skill level 6 in Fighting
  1687 | D:2      | Reached XP level 5. HP: 30/36 MP: 5/5
  1789 | D:2      | Gained mutation: Your flesh is heat resistant. (rF+)
                  | [potion of mutation]
  1797 | D:2      | Found Morran's Book Shop.
  2840 | D:3      | Found a glowing silver altar of Zin.
  2842 | D:3      | Found a bloodstained altar of Trog.
  2842 | D:3      | Found a hide-covered altar of Uskayaw.
  2843 | D:3      | Found a glowing golden altar of the Shining One.
  3161 | D:3      | Noticed a kobold brigand
  3186 | D:3      | Reached skill level 7 in Fighting
  3190 | D:3      | Slain by a gnoll

Illustrated notes

Levels and vault maps discovered:
D:1:      dpeg_arrival_caged_fury, layout_loops_ring
D:2:      minmay_alternating_diamond, layout_basic,
          hellmonk_ecumenical_altar_dog_temple, serial_shops, shop, st_stairs_8
D:3:      lemuel_castle_with_subvaults [lemuel_castle_interior_original],
          layout_basic, chequers_temple_overflow_statue_of_worship,
          kennysheep_generic_room_7

Skill      XL: |  1  2  3  4  5 |
---------------+----------------+-----
Fighting       | 4 5 6 7 |  7.0
Maces & Flails | |  2.0
Armour         | |  3.2
Shields        | |  3.2

Action                   |  1- 3 |  4- 6 || total
-------------------------+-------+-------++-------
Melee: Flail             |   145 |   142 ||   287
  Use: Scroll            |     2 |     3 ||     5
       Potion            |       |     2 ||     2
Armor: Scale mail        |    79 |    45 ||   124
       Plate armour      |       |    52 ||    52
Dodge: Dodged            |    73 |    59 ||   132
Block: Buckler           |    30 |    29 ||    59

Table legend: (Time is in decaauts)
 A = Elapsed time spent in this place.
 B = Non-inter-level travel time spent in this place.
 C = Inter-level travel time spent in this place.
 D = Time resting spent in this place.
 E = Time spent auto-exploring this place.
 F = Levels seen in this place.
 G = Mean time per level.
                   A        B        C        D        E       F      G
               +--------+--------+--------+--------+--------+-----+--------+
         Total |   3279 |   3193 |     86 |      0 |   2556 |   3 | 1093.0 |
       Dungeon |   3279 |   3193 |     86 |      0 |   2556 |   3 | 1093.0 |
               +--------+--------+--------+--------+--------+-----+--------+

Top non-repeatable levels by time:
     D:1: 1643 daAuts
     D:2: 1255 daAuts
     D:3: 380 daAuts
